 Dungeon Crawl Stone Soup version 0.30-a0-305-g026cb31310 (webtiles) character file.

Game seed: 15692874693774262800

22 Lanoc the Gusty (level 2, -1/20 HPs)
             Began as a Draconian Air Elementalist on Oct 21, 2022.
             Killed by divine providence
             ... invoked by an orc priest
              (15 damage)
             ... on level 2 of the Dungeon.
             The game lasted 00:01:25 (1281 turns).

Lanoc the Gusty (Draconian Air Elementalist)        Turns: 1281, Time: 00:01:26

Health: -1/20      AC:  8    Str: 10    XL:     2   Next: 68%
Magic:  1/5        EV: 12    Int: 15    God:
Gold:   41         SH:  0    Dex: 11    Spells: 4/5 levels left

rFire   . . .      SeeInvis .    g - +0 quarterstaff
rCold   . . .      Faith    .    (shield currently unavailable)
rNeg    . . .      Spirit   .    (body armour unavailable)
rPois   .          Reflect  .    (helmet restricted)
rElec   .          Harm     .    (no cloak)
rCorr   .          Rampage  .    (no gloves)
Will    .....                    (no boots)
Stlth   +.........               (no amulet)
HPRegen 0.23/turn                c - +4 ring of protection
MPRegen 0.09/turn                (no ring)

@: confused
A: AC +4, unfitting armour, cold-blooded
a: no special abilities


You were on level 2 of the Dungeon.
You visited 1 branch of the dungeon, and saw 2 of its levels.

You collected 41 gold pieces.

Inventory:

Hand Weapons
 g - a +0 quarterstaff (weapon)
Jewellery
 c - a +4 ring of protection (left hand)
Scrolls
 f - a scroll of teleportation {unknown}
 j - a scroll of brand weapon {unknown}
Potions
 a - a potion of magic
 b - 2 potions of degeneration {unknown}
 d - a potion of attraction {unknown}
 e - a potion of curing {unknown}
 h - 2 potions of brilliance {unknown}
 i - a potion of mutation {unknown}


   Skills:
 + Level 2.1 Dodging
 - Level 1.7 Stealth
 - Level 2.0 Spellcasting
 + Level 1.5 Conjurations
 * Level 3.5 Air Magic


You had 4 spell levels left.
You knew the following spells:

 Your Spells              Type           Power      Damage    Failure   Level
a - Shock                 Conj/Air       36%        1d5       8%          1

Your spell library contained the following spells:

 Spells                   Type           Power      Damage    Failure   Level
 Static Discharge         Conj/Air       18%        2-3/arc   12%         2
 Swiftness                Air            12%        N/A       16%         3
 Summon Small Mammal      Summ           4%         N/A       22%         1
 Airstrike                Air            6%         2d(1-17)  45%         4
 Call Canine Familiar     Summ           1%         N/A       54%         3
 Summon Guardian Golem    Hex/Summ       1%         N/A       54%         3
 Cause Fear               Hex            0%         N/A       91%         4
 Dragon Form              Tmut           0%         N/A       100%        7
 Dragon's Call            Summ           0%         N/A       100%        9


Dungeon Overview and Level Annotations

Branches:
Dungeon (2/15)

Altars:

Annotations:
D:2 Sigmund


Innate Abilities, Weirdness & Mutations

Your plain brown scales are hard. (AC +4)
You cannot fit into any form of body armour.
You are cold-blooded and may be slowed by cold attacks.


Message History

You miscast Shock.
You are very lightly contaminated with residual magic.
Nothing appears to happen.
Casting: Shock (safe; 8% risk of failure)
Confirm with . or Enter, or press ? or * to list all spells.
Aiming: Shock (safe; 8% risk of failure)
Press: ? - help, Shift-Dir - straight line, f/p - orc
Aim: an orc, wielding a +0 war axe (lightly wounded, 68% to hit)
The zap hits the orc.
The orc is moderately wounded.
The zap misses the orc wizard.
The zap misses the orc priest.
A quokka comes into view.
You barely miss the orc.
Your tail-slap misses the orc.
The orc is moderately wounded.
Sigmund the Dreaded comes into view.
He is wielding a +0 scythe.
The orc misses you.
Sigmund shouts!
You hit the orc.
The orc is almost dead.
You hear an angry hiss.
You thump the orc!
You kill the orc!
Sigmund gestures wildly while chanting.
Sigmund flickers and vanishes!
Deactivating autopickup; reactivate with Ctrl-A.
An orc wizard comes into view. It is wielding a +0 dagger.
The orc wizard points at you and mumbles some strange words.
The puff of flame hits you.
The orc wizard mumbles some strange words.
The orc wizard flickers and vanishes!
The orc wizard casts a spell at you.
You are confused.
Your magical contamination has completely faded away.
In your confused state, you trip and fall back down the stairs.
An adder comes into view.
The quokka closely misses you.
The orc priest calls down the wrath of Beogh upon you.
Beogh smites you!
Ouch! That really hurt!
You die...

#o S.# . ....
#####.
....####.....
....{......##
......>.....#..
#....oo).......
#......@r......
#.............#
##...........##
...............
........?......
.....$....###..
..###...... .
.# #..##...


You could see an orc priest, an orc wizard, an adder, an orc and a quokka.

Vanquished Creatures
  A dart slug (D:1)
  An orc (D:2)
  2 endoplasms
  2 goblins (D:1)
  3 bats (D:1)
  2 frilled lizards (D:1)
  7 kobolds (D:1)
  2 rats (D:1)
20 creatures vanquished.

Notes
Turn   | Place    | Note
-------+----------+-------------------------------------------
     0 | D:1      | Lanoc the Draconian Air Elementalist began the quest for
                  | the Orb.
     0 | D:1      | Reached XP level 1. HP: 14/14 MP: 3/3
   475 | D:1      | Reached XP level 2. HP: 20/20 MP: 3/5
  1276 | D:2      | Noticed Sigmund
  1281 | D:2      | Killed from afar by an orc priest

Illustrated notes

Levels and vault maps discovered:
D:1:      minmay_arrival_wavy_path, layout_loops_ring, nicolae_eternal_life,
          minmay_misc_feat_iff
D:2:      layout_rooms, bh_walls_and_bars, uniq_sigmund, uniq_terence

Skill      XL: |  1 |
---------------+----+-----
Dodging        | 2 |  2.1
Stealth        | |  1.7
Spellcasting   | |  2.0
Conjurations   | |  1.5
Air Magic      | |  3.5

Action                   || total
-------------------------++-------
Melee: Unarmed           ||    14
       Tailslap          ||     1
       Quarterstaff      ||     3
 Cast: Shock             ||    40
Armor: Skin              ||     5
Dodge: Dodged            ||    14

Table legend: (Time is in decaauts)
 A = Elapsed time spent in this place.
 B = Non-inter-level travel time spent in this place.
 C = Inter-level travel time spent in this place.
 D = Time resting spent in this place.
 E = Time spent auto-exploring this place.
 F = Levels seen in this place.
 G = Mean time per level.
                   A        B        C        D        E       F      G
               +--------+--------+--------+--------+--------+-----+--------+
         Total |   1280 |   1231 |     49 |      0 |   1118 |   2 |  640.0 |
       Dungeon |   1280 |   1231 |     49 |      0 |   1118 |   2 |  640.0 |
               +--------+--------+--------+--------+--------+-----+--------+

Top non-repeatable levels by time:
     D:1: 1269 daAuts
     D:2: 11 daAuts
